 Dungeon Crawl Stone Soup version 0.20.1-1-g8b1a95d (webtiles) character file.

589 Salad the Skirmisher (level 7, -2/72 HPs)
             Began as a Naga Berserker on July 12, 2017.
             Was a Believer of Trog.
             Slain by an orc priest (4 damage)
             ... on level 4 of the Dungeon.
             The game lasted 00:09:14 (5696 turns).

Salad the Skirmisher (Naga Berserker)               Turns: 5696, Time: 00:09:15

Health: -2/72      AC:  2    Str: 20      XL:     7   Next: 38%
Magic:  7/7        EV: 10    Int:  7      God:    Trog [**....]
Gold:   163        SH:  0    Dex: 10 (12) Spells: 6/6 levels left

rFire    . . .     SeeInvis +   a - +0 spear
rCold    . . .     Gourm    .   (no shield)
rNeg     . . .     Faith    .   b - +0 animal skin
rPois    +         Spirit   .   (no helmet)
rElec    .         Reflect  .   (no cloak)
rCorr    .         Harm     .   m - -2 pair of gloves (curse)
MR       .....                  (no barding)
Stlth    +++.......             (no amulet)
Regen    0.3/turn               n - ring of see invisible
MPRegen  0.1/turn               (no ring)

@: berserk cooldown, slowed, very slow
A: see invisible, deformed body, poison resistance, slowness 2, slow metabolism
1, spit poison 1, AC +2
a: Spit Poison, Berserk, Trog's Hand, Burn Spellbooks, Renounce Religion


You were on level 4 of the Dungeon.
You worshipped Trog.
Trog was pleased with you.
You were not hungry.

You visited 1 branch of the dungeon, and saw 4 of its levels.

You collected 163 gold pieces.

Inventory:

Hand Weapons
 a - a +0 spear (weapon)
Armour
 b - a +0 animal skin (worn)
 m - a cursed -2 pair of gloves (worn)
Jewellery
 n - a ring of see invisible (left hand)
Wands
 l - a wand of flame (18/48)
 t - a wand of polymorph (14/24)
Scrolls
 d - 3 scrolls of recharging
 e - a scroll of magic mapping
 q - a scroll of teleportation
 r - 2 scrolls of fog
 s - a scroll of enchant weapon {unknown}
 u - a scroll of remove curse {unknown}
 v - a scroll of fear {unknown}
Potions
 g - a potion of ambrosia
 i - a potion of agility
 j - 2 potions of curing {unknown}
 o - 2 potions of flight {unknown}
 p - a potion of cancellation {unknown}
 w - a potion of might {unknown}
Comestibles
 c - 2 bread rations
 f - 4 fruits
 h - a meat ration
 k - a royal jelly


   Skills:
 - Level 7.3 Fighting
 - Level 3.0 Polearms
 - Level 1.5 Armour
 - Level 1.6 Dodging
 + Level 5.6 Stealth


You had 6 spell levels left.
You didn't know any spells.

Dungeon Overview and Level Annotations

Branches:
Dungeon (4/15)             Temple (0/1) D:4

Altars:


Innate Abilities, Weirdness & Mutations

You cannot wear boots.
Your serpentine skin is tough. (AC +2)
You have supernaturally acute eyesight. (SInv)
Armour fits poorly on your strangely shaped body.
Your system is resistant to poisons. (rPois)
You cover ground very slowly.
You have a slow metabolism.
You can spit poison.


Message History

The orc is severely wounded.
The orc hits you with a mace of crushing.
* * * LOW HITPOINT WARNING * * *
x2 You puncture the orc!
You kill the orc!
Trog accepts your kill.
The orc priest calls down the wrath of Beogh upon you.
Beogh smites you!
* * * LOW HITPOINT WARNING * * *
You are no longer berserk.
You are exhausted.
You feel yourself slow down.
The orc priest hits you but does no damage.
Items here: )) [[ † a mace of crushing; a leather armour; a trident; a ring mail; an orc corpse You barely miss the orc priest.
Your skin stops crawling.
You feel less resistant to hostile enchantments.
The orc priest hits you.
You die...

#...........##...........
#######.....##...........
########.....##...........
#............'...[........
#............#............
#............#............
#............#............
#.......######.#'#########
#.......o@[....#.#
#.......########.#
#.............^#.#
#........#####.#.#
#.#+####.#####.#'######
#.#.......................
######.#####<...........
#'# #............
#......#............


You could see an orc priest.

Vanquished Creatures
  An ogre (D:4)
  A quasit (D:4)
  2 orc priests (D:3)
  3 orc wizards
  Terence (D:3)
  3 worker ants (D:4)
  A hound skeleton (D:4)
  A worker ant zombie (D:3)
  7 adders
  2 shadow imps
  3 oozes
  2 adder zombies (D:3)
  3 worms (D:2)
  A leopard gecko (D:1)
  23 orcs
  5 giant cockroaches
  5 goblins
  3 hobgoblins
  4 jackals (D:1)
  3 ball pythons
  5 bats
  2 frilled lizards
  2 kobolds
  A quokka skeleton (D:3)
  8 rats
  2 withered plants (D:3)
94 creatures vanquished.

Notes
Turn   | Place    | Note
-------+----------+-------------------------------------------
     0 | D:1      | Salad the Naga Berserker began the quest for the Orb.
     0 | D:1      | Reached XP level 1. HP: 21/21 MP: 1/1
    64 | D:1      | Reached XP level 2. HP: 25/28 MP: 2/2
   532 | D:1      | Reached skill level 1 in Stealth
   690 | D:1      | Reached XP level 3. HP: 36/36 MP: 3/3
  1351 | D:2      | Reached skill level 4 in Fighting
  1611 | D:2      | Reached XP level 4. HP: 41/44 MP: 4/4
  2174 | D:2      | Reached ** piety under Trog
  2189 | D:3      | Noticed Terence
  2199 | D:3      | Killed Terence
  2388 | D:3      | Reached XP level 5. HP: 51/51 MP: 5/5
  2429 | D:3      | Reached skill level 5 in Fighting
  2890 | D:3      | Reached XP level 6. HP: 24/62 MP: 6/6
  3225 | D:3      | Reached skill level 6 in Fighting
  4249 | D:4      | HP: 2/63 [worker ant (6)]
  4686 | D:4      | Found a staircase to the Ecumenical Temple.
  4718 | D:4      | Reached skill level 7 in Fighting
  4718 | D:4      | Reached XP level 7. HP: 14/72 MP: 7/7
  5603 | D:4      | Reached skill level 5 in Stealth
  5694 | D:4      | HP: 1/108 [orc priest/divine providence (14)]
  5696 | D:4      | Slain by an orc priest

Skill      XL: |  1  2  3  4  5  6  7 |
---------------+----------------------+-----
Stealth        | 1 3 5 |  5.6
Fighting       | 4 5 7 |  7.3
Polearms       | |  3.0
Armour         | |  1.5
Dodging        | |  1.6

Action                   |  1- 3 |  4- 6 |  7- 9 || total
-------------------------+-------+-------+-------++-------
Melee: Spear             |    93 |   336 |    95 ||   524
Invok: Berserk           |       |     7 |     3 ||    10
       Trog's Hand       |       |     2 |     1 ||     3
 Abil: Spit Poison       |       |     3 |       ||     3
  Use: Scroll            |     6 |     3 |       ||     9
       Potion            |       |     1 |       ||     1
 Stab: Sleeping          |     2 |     7 |     1 ||    10
       Distracted        |     1 |       |       ||     1
  Eat: Chunk             |     1 |    10 |     4 ||    15
       Bread ration      |       |     1 |     1 ||     2
Armor: Animal skin       |     8 |    34 |    20 ||    62
Dodge: Dodged            |    32 |   110 |    54 ||   196
